 Dungeon Crawl Stone Soup version 0.18-a0-1774-gce1f7b6 (webtiles) character file.

120 M4edhros the Sneak (level 5, 0/33 HPs)
             Began as an Octopode Artificer on Apr 15, 2016.
             Slain by an iguana (15 damage)
             ... on level 5 of the Dungeon.
             The game lasted 00:01:52 (1471 turns).

M4edhros the Sneak (Octopode Artificer)             Turns: 1471, Time: 00:01:52

Health: 0/33       AC:  1    Str: 10    XL:     5   Next: 4%
Magic:  7/7        EV: 12    Int: 15    God:
Gold:   120        SH:  0    Dex: 13    Spells: 0 memorised, 4 levels left

rFire  . . .     SeeInvis .     a - +1 short sword
rCold  . . .     Gourm    .     (no shield)
rNeg   . . .     Faith    .     (helmet restricted)
rPois  .         Spirit   .     (no amulet)
rElec  .         Dismiss  .     m - ring of sustain attributes
rCorr  +         Reflect  .     n - ring of protection from magic
SustAt +         Harm     .     k - ring of resist corrosion
MR     +....                    (no ring)
Stlth  +++++.....               (no ring)
                                (no ring)
                                (no ring)
                                (no ring)

@: somewhat resistant to hostile enchantments, quite stealthy
A: almost no armour, amphibious, 8 rings, constrict 8, camouflage 1, gelatinous
body 1
a: no special abilities


You were on level 5 of the Dungeon.
You were near starving.

You visited 1 branch of the dungeon, and saw 5 of its levels.

You collected 120 gold pieces.

Inventory:

Hand Weapons
 a - a +1 short sword (weapon)
Missiles
 h - 97 stones (quivered)
 o - 8 sling bullets
 p - 16 poisoned sling bullets
Jewellery
 k - a ring of resist corrosion (on tentacle)
 m - a ring of sustain attributes (left tentacle)
 n - a ring of protection from magic (right tentacle)
Wands
 b - a wand of flame (15/48)
 c - a wand of enslavement (15/24)
 d - a wand of random effects (15/48)
 u - a wand of teleportation (5/9)
Scrolls
 e - a scroll of identify {unknown}
 g - a scroll of magic mapping {unknown}
 j - a scroll of random uselessness {unknown}
 r - a scroll of recharging {unknown}
 t - 2 scrolls of enchant weapon
Potions
 i - a potion of lignification
 l - a potion of curing
Comestibles
 f - 2 bread rations
 q - a meat ration
 s - a beef jerky


   Skills:
 - Level 1.0 Fighting
 - Level 1.0 Short Blades
 - Level 2.0 Dodging
 + Level 6.7 Stealth
 - Level 3.2 Evocations


You had 4 spell levels left.
You didn't know any spells.

Dungeon Overview and Level Annotations

Branches:
Dungeon (5/15)
 Temple: D:4-7

Altars:
Sif Muna
Vehumet
Yredelemnul

Shops:
D:4 %

Annotations:
D:3 barb4r1an's ghost, amateur GrMo
D:4 ShansongY's ghost, amateur HOAK


Innate Abilities, Weirdness & Mutations

You cannot wear most types of armour.
You are amphibious.
You can wear up to eight rings at the same time.
You can use your tentacles to constrict eight enemies at once.
Your skin changes colour to match your surroundings (Stealth).
Your rubbery body absorbs attacks (AC +1).


Message History

Found a stone staircase leading down.
An orc comes into view.
The helpless iguana fails to defend itself.
You puncture the iguana! You grab the iguana.
The iguana is severely wounded.
You constrict the iguana.
The orc shouts!
The iguana bites you!
You hit the iguana but do no damage.
The iguana is almost dead.
You constrict the iguana, but do no damage.
The iguana closely misses you.
You hit the iguana but do no damage. Your squeeze misses the iguana.
The iguana is almost dead.
You constrict the iguana. The iguana barely misses you.
You hit the iguana but do no damage.
The iguana is almost dead.
You constrict the iguana, but do no damage.
The iguana bites you!
You die... #........ . ##.# #.......... #.PP #.#........ #PPP#

#.......... #....
#.#..#.....
##....####..........
.................c.
#..ll........#...
..###o@#..##..#.#
...................
...###..#..##........
. #..#..##..#.#.#.
#.........#....
#..#..##.##.#.#
#..#.## .# .# #..#>#
#..#..


You could see an iguana, an orc and a giant newt.

Vanquished Creatures
  A scorpion (D:4)
  A worker ant (D:4)
  2 adders
  2 dart slugs (D:1)
  A ball python (D:1)
  3 bats
  2 giant cockroaches
  2 goblins (D:1)
  5 hobgoblins
  6 kobolds
  2 giant newts (D:1)
  2 rats (D:2)
29 creatures vanquished.

Notes
Turn   | Place    | Note
--------------------------------------------------------------
     0 | D:1      | M4edhros the Octopode Artificer began the quest for the Orb.
     0 | D:1      | Reached XP level 1. HP: 13/13 MP: 3/3
    49 | D:1      | Reached skill level 2 in Stealth
   173 | D:1      | Reached XP level 2. HP: 16/18 MP: 4/4
   197 | D:1      | Reached skill level 3 in Stealth
   676 | D:2      | Reached skill level 4 in Stealth
   711 | D:2      | Reached XP level 3. HP: 8/23 MP: 5/5
   825 | D:3      | Found a deep blue altar of Sif Muna.
   827 | D:3      | Found a basalt altar of Yredelemnul.
   832 | D:3      | Found a radiant altar of Vehumet.
   969 | D:3      | Reached skill level 5 in Stealth
  1061 | D:3      | Noticed barb4r1an's ghost (amateur GrMo)
  1243 | D:4      | Reached XP level 4. HP: 10/28 MP: 6/6
  1433 | D:4      | Found Logeic's Food Shop.
  1436 | D:4      | Reached skill level 6 in Stealth
  1436 | D:4      | Reached XP level 5. HP: 32/33 MP: 7/7
  1443 | D:4      | Noticed ShansongY's ghost (amateur HOAK)
  1461 | D:5      | Entered Level 5 of the Dungeon
  1461 | D:5      | Noticed a centaur
  1471 | D:5      | Slain by an iguana

Vault maps used:
D:1:      eino_arrival_water_star
D:2:      first_bread, nemelex_dance_club_becter
D:3:      grunt_temple_overflow_open, kennysheep_generic_room_2
D:4:      serial_shops, shop, minmay_hedge_maze
D:5:      uniq_crazy_yiuf_cottage

Skill      XL: |  1  2  3  4 |
---------------+-------------+-----
Stealth        | 2 4 5 6 |  6.7
Fighting       | |  1.0
Short Blades   | |  1.0
Dodging        | |  2.0
Evocations     | |  3.2

Action                   |  1- 3 |  4- 6 || total
-------------------------+-------+-------++-------
Melee: Short sword       |    65 |     9 ||    74
       Constrict         |    16 |     3 ||    19
       Tentacles         |    13 |     1 ||    14
  Use: Potion            |     5 |       ||     5
       Scroll            |       |     1 ||     1
 Stab: Sleeping          |     7 |     2 ||     9
       Distracted        |     1 |       ||     1
Armor: Skin              |     5 |       ||     5
Dodge: Dodged            |    36 |     4 ||    40
